 Dungeon Crawl Stone Soup version 0.26.0-11-g8f856b5395 (webtiles) character file.

Game seed: 3417481319811975586

88 Descartes the Gusty (level 4, -1/24 HPs)
             Began as a Deep Elf Air Elementalist on Jan 15, 2021.
             Slain by a black bear (3 damage)
             ... on level 3 of the Dungeon.
             The game lasted 00:05:36 (2256 turns).

Descartes the Gusty (Deep Elf Air Elementalist)     Turns: 2256, Time: 00:05:37

Health: -1/24      AC:  3    Str:  5    XL:     4   Next: 29%
Magic:  4/11       EV: 13    Int: 21    God:
Gold:   103        SH:  0    Dex: 15    Spells: 9/10 levels left

rFire    . . .     SeeInvis .   j - +2 trident (venom)
rCold    . . .     Faith    .   (no shield)
rNeg     . . .     Spirit   .   a - +0 robe
rPois    .         Reflect  .   g - +0 helmet (curse)
rElec    .         Harm     .   (no cloak)
rCorr    .         Rampage  .   (no gloves)
Will     .....                  (no boots)
Stlth    ++........             (no amulet)
HPRegen  0.08/turn              (no ring)
MPRegen  0.12/turn              (no ring)

@: no status effects
A: no striking features
a: no special abilities


You were on level 3 of the Dungeon.
You visited 1 branch of the dungeon, and saw 3 of its levels.

You collected 103 gold pieces.

Inventory:

Hand Weapons
 j - a +2 trident of venom (weapon)
Missiles
 c - 127 stones
Armour
 a - a +0 robe (worn)
 g - a cursed +0 helmet (worn)
Scrolls
 b - a scroll of magic mapping {unknown}
 d - a scroll of enchant armour {unknown}
 e - 2 scrolls of blinking {unknown}
 i - 2 scrolls of random uselessness {unknown}
Potions
 f - a potion of brilliance {unknown}
 h - 2 potions of curing {unknown}
 k - a potion of berserk rage


   Skills:
 + Level 3.1 Dodging
 + Level 3.0 Stealth
 + Level 3.6 Spellcasting
 * Level 2.5 Conjurations
 * Level 3.7 Air Magic


You had 9 spell levels left.
You knew the following spells:

 Your Spells              Type           Power        Failure   Level
a - Shock                 Conj/Air       68%          3%          1

Your spell library contained the following spells:

 Spells                   Type           Power        Failure   Level
 Swiftness                Air            19%          4%          2
 Static Discharge         Conj/Air       17%          11%         3
 Airstrike                Air            9%           26%         4
 Lightning Bolt           Conj/Air       8%           67%         5


Dungeon Overview and Level Annotations

Branches:
Dungeon (3/15)

Altars:
Uskayaw
Xom


Message History

Aiming: Shock (safe; 3% risk of failure)
Press: ? - help, Shift-Dir - straight line, f/p - black bear
Aim: a black bear (severely wounded, berserk, very poisoned, 21% to evade)
The zap hits the black bear.
The black bear is severely wounded.
The black bear bites you!
* * * LOW HITPOINT WARNING * * *
The black bear barely misses you. The black bear misses you.
The black bear rages.
The black bear misses you. The black bear barely misses you.
The black bear misses you.
Casting: Shock (safe; 3% risk of failure)
Confirm with . or Enter, or press ? or * to list all spells.
Aiming: Shock (safe; 3% risk of failure)
Press: ? - help, Shift-Dir - straight line, f/p - black bear
Aim: a black bear (almost dead, berserk, very poisoned, 21% to evade)
The zap hits the black bear.
The black bear is almost dead.
The black bear bites you.
You die...

..≈≈##..........####.....########
..≈)''............#..............
..≈≈##...[..#####...)...>########
.≈≈≈##....#....)........#####
...≈############............# ##
##### ........).)....###.####.
#.#..........÷..÷.......
...#####.....#.####.#####
#......h@......# #.#
...#####..#...†# #.# #....##.#
#.# #....##.# #.# #....##.# #.#
#....##.# #.# #....# ......


You could see a black bear (berserk, very poisoned).

Vanquished Creatures
  A gnoll (D:1)
  An adder (D:2)
  2 worms
  2 dart slugs
  3 orcs (D:3)
  2 ball pythons (D:1)
  4 giant cockroaches
  6 goblins
  8 hobgoblins
  5 jackals (D:1)
  6 kobolds
  A quokka (D:2)
  3 bats
  4 frilled lizards
  3 rats
51 creatures vanquished.

Vanquished Creatures (others)
  A plant (D:1)
1 creature vanquished.

Grand Total: 52 creatures vanquished

Notes
Turn   | Place    | Note
-------+----------+-------------------------------------------
     0 | D:1      | Descartes the Deep Elf Air Elementalist began the quest for
                  | the Orb.
     0 | D:1      | Reached XP level 1. HP: 10/10 MP: 6/6
   255 | D:1      | Reached XP level 2. HP: 15/15 MP: 2/8
   536 | D:1      | Reached XP level 3. HP: 17/19 MP: 0/9
  1190 | D:2      | Found a shimmering altar of Xom.
  1190 | D:2      | Found a shimmering altar of Xom.
  1192 | D:2      | Found a shimmering altar of Xom.
  1626 | D:2      | Found a hide-covered altar of Uskayaw.
  1774 | D:2      | Reached XP level 4. HP: 24/24 MP: 8/11
  2245 | D:3      | Noticed a black bear
  2256 | D:3      | Slain by a black bear

Illustrated notes

Levels and vault maps discovered:
D:1:      wander_arrival_fairy_ring, layout_loops_cross
D:2:      layout_basic, overflow_temple_1_default, xom_redecorated
D:3:      layout_loops_ring, old_standard_altar, minmay_goblin_outpost

Skill      XL: |  1  2  3 |
---------------+----------+-----
Conjurations   | 2 |  2.5
Dodging        | 3 |  3.1
Stealth        | 3 |  3.0
Spellcasting   | |  3.6
Air Magic      | |  3.7

Action                   |  1- 3 |  4- 6 || total
-------------------------+-------+-------++-------
Melee: Unarmed           |     9 |       ||     9
       Trident           |       |     2 ||     2
 Cast: Shock             |    82 |    28 ||   110
Armor: Robe              |     1 |     1 ||     2
Dodge: Dodged            |    23 |     9 ||    32
